 Seeded DCSS version 0.29.0-11-gd7f09526c8 (webtiles) character file.

Game seed: 3121381558354691732 (custom seed)

197875 purpskrrrp the Cruncher (level 17, -2/159 (169) HPs)
             Began as a Troll Fighter on Sept 7, 2022.
             Was the Champion of Qazlal.
             Slain by an emperor scorpion (19 damage)
             ... on level 2 of the Spider Nest.
             The game lasted 01:50:46 (23729 turns).

purpskrrrp the Cruncher (Troll Fighter)            Turns: 23729, Time: 01:50:46

HP:   -2/159 (169)  AC: 16    Str: 28    XL:     17   Next: 79%
MP:   23/23         EV: 12    Int:  8    God:    Qazlal [******]
Gold: 4796          SH: 37    Dex: 11    Spells: 10/16 levels left

rFire   + + .      SeeInvis .   h - +3 Elemental Staff {rElec rF++ rC++ AC+5}
rCold   + + .      Faith    .   u - +8 tower shield of Quantum Leap {rElec Dex+2}
rNeg    + . .      Spirit   .   U - +4 troll leather armour
rPois   +          Reflect  +   l - +2 hat
rElec   +          Harm     .   e - +2 cloak of Gravitas {*Corrode rN+ Stlth+}
rCorr   .          Rampage  .   (gloves unavailable)
Will    +....                   (boots unavailable)
Stlth   +.........              q - amulet of reflection
HPRegen 1.96/turn               P - +4 ring of slaying
MPRegen 0.18/turn               O - ring "Filet" {rElec EV+4 Str-4 Int+2 Slay+4}

@: lethally poisoned (-2 -> -4), protected from physical damage, corroded,
slowed, drained, repel missiles, very slow
A: large, unfitting armour, claws 3, regeneration 1, shaggy fur 1, tough skin 1,
horns 1, poison resistance
}: 1/15 runes: decaying
a: Renounce Religion, Upheaval, Elemental Force, Disaster Area


You were on level 2 of the Spider Nest.
You worshipped Qazlal.
Qazlal was exalted by your worship.
You visited 7 branches of the dungeon, and saw 30 of its levels.
You also visited: Bailey, Gauntlet and Ice Cave.

You collected 6641 gold pieces.
You spent 1845 gold pieces at shops.

Inventory:

Hand Weapons
 h - the +3 Elemental Staff (weapon) {rElec rF++ rC++ AC+5}
   (You acquired it on level 1 of the Dungeon)

   If the wielder is skilled in Evocations, they can discharge powerful blasts
   of elemental energy when striking with it.
   It enhances your fire, ice, earth and air magic.
   AC:        It affects your AC (+5).
   rF:        It greatly protects you from fire.
   rC:        It greatly protects you from cold.
   rElec:     It insulates you from electricity.
Missiles
 g - 3 throwing nets
Armour
 e - the +2 cloak of Gravitas (worn) {*Corrode rN+ Stlth+}
   (You acquired it on level 2 of the Dungeon)

   rN:        It protects you from negative energy.
   *Corrode:  It may corrode you when you take damage.
   Stlth:     It makes you more stealthy.
 l - a +2 hat (worn)
 u - the +8 tower shield of Quantum Leap (worn) {rElec Dex+2}
   (You acquired it on level 2 of the Dungeon)

   Dex:       It affects your dexterity (+2).
   rElec:     It insulates you from electricity.
 F - +1 swamp dragon scales
 U - a +4 troll leather armour (worn)
Jewellery
 p - a ring of flight
 q - an amulet of reflection (around neck)
 s - a ring of see invisible
 B - an amulet of guardian spirit
 G - the ring of Rytoofeo {Str+4 Int-5 SInv}
   (You found it on level 8 of the Dungeon)

   [ring of see invisible]

   Str:       It affects your strength (+4).
   Int:       It affects your intelligence (-5).
   SInv:      It lets you see invisible.
 L - a ring of protection from fire
 O - the ring "Filet" (right claw) {rElec EV+4 Str-4 Int+2 Slay+4}
   (You bought it in a shop on level 2 of the Orcish Mines)

   [ring of evasion]

   EV:        It affects your evasion (+4).
   Str:       It affects your strength (-4).
   Int:       It affects your intelligence (+2).
   Slay:      It affects your accuracy & damage with ranged weapons and melee
   (+4).
   rElec:     It insulates you from electricity.
 P - a +4 ring of slaying (left claw)
 X - a ring of resist corrosion
Wands
 k - a wand of flame (5)
 y - a wand of polymorph (4)
 D - a wand of mindburst (20) (quivered)
 K - a wand of paralysis (19)
 N - a wand of light (18)
 T - a wand of roots (31)
 V - a wand of digging (4)
Scrolls
 a - 13 scrolls of identify
 b - a scroll of silence
 f - 2 scrolls of amnesia
 i - 4 scrolls of magic mapping
 j - 4 scrolls of enchant weapon
 m - 16 scrolls of teleportation
 n - 6 scrolls of poison
 t - 2 scrolls of butterflies
 H - 7 scrolls of immolation
 J - 4 scrolls of brand weapon
 Q - a scroll of blinking
Potions
 c - 3 potions of might
 o - 2 potions of invisibility
 r - 4 potions of heal wounds
 v - a potion of resistance {unknown}
 w - a potion of cancellation
 x - 4 potions of brilliance
 z - 2 potions of flight
 A - 13 potions of curing
 C - 4 potions of ambrosia
 E - 3 potions of berserk rage
 M - 3 potions of haste
 W - 2 potions of mutation
Miscellaneous
 d - a lightning rod (4/4)
 I - a condenser vane (inert)


   Skills:
 + Level 10.8 Fighting
 * Level 14.6 Staves
 + Level 7.7 Armour
 + Level 3.6 Dodging
 + Level 11.7 Shields
 - Level 2.4 Unarmed Combat
 - Level 2.0 Air Magic
 - Level 2.5 Earth Magic
 + Level 9.7 Invocations
 * Level 13.5 Evocations


You had 10 spell levels left.
You knew the following spells:

 Your Spells              Type           Power      Damage    Failure   Level
a - Poisonous Vapours     Pois/Air       4%         N/A       86%         2
b - Passwall              Tmut/Erth      2%         N/A       83%         2
c - Ensorcelled Hibernat  Hex/Ice        0%         N/A       95%         2

Your spell library contained the following spells:

 Spells                   Type           Power      Damage    Failure   Level
 Sting                    Tmut/Pois      0%         1d3       86%         1
 Swiftness                Air            4%         N/A       92%         3
 Blink                    Tloc           0%         N/A       95%         2
 Scorch                   Fire           0%         2d5       95%         2
 Sublimation of Blood     Necr           0%         N/A       95%         2
 Gell's Gravitas          Tloc           0%         N/A       99%         3
 Lesser Beckoning         Tloc           0%         N/A       99%         3
 Portal Projectile        Hex/Tloc       0%         N/A       99%         3
 Teleport Other           Tloc           0%         N/A       99%         3
 Tukima's Dance           Hex            0%         N/A       99%         3
 Anguish                  Hex/Necr       0%         N/A       100%        4
 Animate Dead             Necr           0%         N/A       100%        4
 Flame Wave               Conj/Fire      0%         2d4       100%        4
 Fulminant Prism          Conj/Hex       0%         3d6       100%        4
 Iskenderun's Mystic Bla  Conj/Tloc      0%         2d3       100%        4
 Olgreb's Toxic Radiance  Pois           0%         N/A       100%        4
 Passage of Golubria      Tloc           0%         N/A       100%        4
 Petrify                  Tmut/Erth      3%         N/A       100%        4
 Summon Ice Beast         Ice/Summ       0%         N/A       100%        4
 Blade Hands              Tmut           0%         N/A       100%        5
 Borgnjor's Vile Clutch   Necr/Erth      1%         N/A       100%        5
 Freezing Cloud           Conj/Ice/Air   1%         6-21      100%        5
 Irradiate                Conj/Tmut      0%         3d11      100%        5
 Lee's Rapid Deconstruct  Erth           3%         3d6*      100%        5
 Manifold Assault         Tloc           0%         N/A       100%        5
 Summon Forest            Summ/Tloc      0%         N/A       100%        5
 Summon Mana Viper        Hex/Summ       0%         N/A       100%        5
 Yara's Violent Unravell  Hex/Tmut       0%         3d3       100%        5
 Conjure Ball Lightning   Conj/Air       1%         3x3d6     100%        6
 Death Channel            Necr           0%         N/A       100%        6
 Dispersal                Tloc           0%         N/A       100%        6
 Eringya's Noxious Bog    Tmut/Pois      0%         N/A       100%        6
 Simulacrum               Ice/Necr       0%         N/A       100%        6
 Summon Cactus Giant      Summ           0%         N/A       100%        6
 Enfeeble                 Hex            0%         N/A       100%        7
 Haunt                    Necr/Summ      0%         N/A       100%        7
 Monstrous Menagerie      Summ           0%         N/A       100%        7
 Ozocubu's Refrigeration  Ice            0%         4d7       100%        7
 Summon Hydra             Summ           0%         N/A       100%        7
 Discord                  Hex            0%         N/A       100%        8
 Disjunction              Tloc           0%         N/A       100%        8
 Ignition                 Fire           0%         3d3       100%        8
 Infestation              Necr           0%         N/A       100%        8
 Polar Vortex             Ice            0%         N/A       100%        9


Dungeon Overview and Level Annotations

Branches:
Dungeon (15/15)            Temple (1/1) D:6            Lair (5/5) D:10
  Swamp (4/4) Lair:3       Spider (2/4) Lair:3        Slime (0/5) Lair:5
    Orc (2/2) D:12            Elf (0/3) Orc:2        Vaults (0/5) D:13
 Depths (1/4) D:15         Bailey (visited)           IceCv (visited)
Gauntlet (visited)

Altars:
Ashenzari
Cheibriados
Dithmenos
Elyvilon
Fedhas
Hepliaklqana
Kikubaaqudgha
Makhleb
Nemelex Xobeh
Okawaru
Qazlal
Ru
Sif Muna
Trog
Uskayaw
Vehumet
Wu Jian
Xom
Yredelemnul
Zin
The Shining One

Shops:
D:3 *   D:13 :   Orc:2 ==!=[

Portals:
Trove: D:12 (show slimy rune of Zot)


Innate Abilities, Weirdness & Mutations

You are too large for most types of armour.
You have claws for hands.
Your natural rate of healing is unusually fast.
You are covered in fur. (AC +1)
You have tough skin. (AC +1)
You have a pair of small horns on your head.
Your system is resistant to poisons. (rPois)


Message History

The redback is engulfed in blazing flames.
The redback bites you.
* * * LOW HITPOINT WARNING * * *
The jumping spider is engulfed in freezing vapours.
You kill the jumping spider!
Qazlal accepts your kill.
The web tears apart.
You feel extremely sick.
You block the wolf spider simulacrum's attack. x2
The emperor scorpion is engulfed in freezing vapours.
You block the emperor scorpion's attack.
The emperor scorpion completely misses you.
The emperor scorpion barely misses you.
The redback is engulfed in blazing flames.
You kill the redback!
Qazlal accepts your kill.
The wolf spider simulacrum barely misses you.
The wolf spider simulacrum closely misses you.
The tarantella simulacrum barely misses you.
The emperor scorpion is engulfed in freezing vapours.
You block the emperor scorpion's attack.
The emperor scorpion claws you but does no damage.
The emperor scorpion closely misses you.
The torpor snail barely misses you.
The emperor scorpion attacks as you move away!
You block the emperor scorpion's attack.
The emperor scorpion claws you but does no damage. x2
The tarantella simulacrum attacks as you move away!
You block the tarantella simulacrum's attack.
You feel very sick.
The jumping spider is engulfed in freezing vapours.
You kill the jumping spider!
Qazlal accepts your kill.
You block the wolf spider simulacrum's attack.
The wolf spider simulacrum bites you but does no damage.
The wolf spider simulacrum hits you but does no damage.
The wolf spider simulacrum bites you but does no damage.
You block the tarantella simulacrum's attack.
The emperor scorpion stings you!!
You die...

#............#
^......^.....##
..............#
...........^.#
.^....†.†....#
.............#
......†.....§#
.....^.○°☼.^.####
.....w..wZ@§☼...#
.......°°sZ§....#
..........°...^##
.......>.$○..^##
...........####
^..........#
...........#
..........##
...........


You could see an emperor scorpion (soul bound), 2 torpor snails, a wolf spider
simulacrum and a tarantella simulacrum.

Vanquished Creatures
  Mlioglotl (Swamp:4)
  The ghost of gdog the Covert, an adept GnDe of Gozag (Spider:1)
  2 fenstrider witches (Swamp:3)
  A balrug (Bailey)
  The ghost of Jaliuk the Eclecticist, a journeyman DECj of Vehumet (D:14)
  The ghost of Shayle the Basher, a journeyman TeBr of Ashenzari (Orc:2)
  7 eleionomae
  3 stone giants (Depths:1)
  An entropy weaver (Spider:1)
  5 bunyips
  2 minotaurs
  Snorg (D:13)
  2 ettins
  A fire dragon (Lair:5)
  Josephine (D:11)
  A shambling mangrove (Swamp:4)
  A rakshasa (Depths:1)
  31 hydras
  4 boulder beetles
  2 ghost crabs
  2 ogre magi
  A jorogumo (Lair:3)
  11 alligators
  4 centaur warriors
  9 two-headed ogres
  17 death yaks
  A tengu warrior (Gauntlet)
  A vampire mage (D:15)
  A wretched star (Gauntlet)
  2 spriggan berserkers (Swamp:4)
  Nergalle (Lair:3)
  A deep elf knight (D:13)
  A flayed ghost (D:8)
  2 pharaoh ants
  7 goliath frogs
  3 spectral entropy weavers (Spider:1)
  3 spriggan druids
  An orb spider (Spider:1)
  11 skeletal warriors
  10 bog bodies
  The ghost of Zeldest the Basher, a novice GrMo of Trog (D:8)
  2 lindwurms
  A necromancer (D:15)
  9 swamp dragons
  3 orc knights
  A deep elf zephyrmancer (D:13)
  4 orc sorcerers
  2 deep elf pyromancers
  7 wolf spiders
  An oklob plant (Lair:1)
  10 ugly things
  A frost giant zombie (D:15)
  3 manticores
  2 moths of wrath
  A cyclops (D:14)
  3 will-o-the-wisps
  6 elephants (Lair:2)
  8 black mambas
  A frost giant skeleton (D:15)
  3 torpor snails
  3 ice statues (IceCv)
  2 orange demons
  5 yaktaurs (D:15)
  2 molten gargoyles (Lair:5)
  A smoke demon (Bailey)
  5 kobold demonologists
  A rime drake (Lair:5)
  14 cane toads
  11 komodo dragons
  A freezing wraith (IceCv)
  An emperor scorpion simulacrum (Spider:1)
  2 demonic crawlers
  2 unseen horrors
  2 efreet
  2 entropy weaver simulacra (Spider:1)
  2 ice devils (Lair:5)
  3 anaconda simulacra (IceCv)
  2 tengu conjurers
  3 polar bears
  6 trolls
  3 meliai (D:15)
  A queen bee (shapeshifter) (D:15)
  10 hornets
  11 tarantellas
  13 blink frogs
  8 tyrant leeches
  9 slime creatures (D:14)
  10 dream sheep
  15 jumping spiders
  Sigmund (D:4)
  2 shadows (D:8)
  10 spriggans
  A ynoxinul (D:9)
  4 centaur simulacra (Gauntlet)
  11 wraiths
  7 wyverns
  A human (D:8)
  45 yaks
  5 basilisks
  7 culicivoras (Spider:1)
  2 hogs (D:13)
  4 fire bats (D:8)
  A neqoxec (Gauntlet)
  Grum (D:8)
  2 steam dragons
  24 redbacks
  11 vampire mosquitoes
  A death yak simulacrum (IceCv)
  2 wargs (Orc:1)
  12 swamp worms
  A swamp worm (shapeshifter) (D:15)
  A glowing shapeshifter zombie (D:15)
  4 hell hounds (Lair:5)
  3 acid dragons
  33 orc warriors
  13 water moccasins
  An ice beast (D:7)
  10 swamp drakes
  A black bear (Lair:1)
  A sky beast (D:7)
  14 ogres
  34 wolves
  23 centaurs
  7 kobold brigands
  4 phantoms
  Blork the orc (D:6)
  2 small abominations (Gauntlet)
  A gnoll sergeant (D:10)
  9 bullfrogs
  2 necrophages
  3 cane toad simulacra
  7 scorpions
  4 wights (D:9)
  2 elephant simulacra (IceCv)
  2 howler monkeys (D:14)
  5 lava snakes (Lair:5)
  A jelly (D:5)
  3 hounds
  13 orc priests
  A gnoll bouda (D:4)
  Ijyb (D:5)
  3 iguanas
  20 orc wizards
  A polar bear simulacrum (IceCv)
  6 ogre zombies (D:12)
  Robin (D:4)
  10 gnolls
  6 adders
  A white imp (D:6)
  An ufetubus (D:5)
  7 worms
  A dart slug (D:3)
  52 orcs
  6 endoplasms
  7 giant cockroaches
  20 goblins
  10 hobgoblins
  10 jackals
  14 kobolds
  A quokka (D:4)
  3 ball pythons
  21 bats
  3 frilled lizards
  A goblin skeleton (D:12)
  3 goblin zombies (D:12)
  A hobgoblin zombie (D:12)
  4 orc skeletons (D:12)
  10 orc zombies (D:12)
  5 rats
  2 bushes (Lair:1)
968 creatures vanquished.

Vanquished Creatures (collateral kills)
  A spectral emperor scorpion (Spider:1)
  2 entropy weaver simulacra (Spider:1)
  A human skeleton (D:15)
  2 orc warriors (Orc:2)
  2 orc priests (Orc:2)
  2 orcs (Orc:2)
10 creatures vanquished.

Vanquished Creatures (others)
  Kirke (D:13)
  A thorn hunter (Swamp:2)
  3 bloated husks
  A human (D:13)
  An orc wizard (D:6)
  8 foxfires (Swamp:3)
  22 fungi
  24 plants
  2 withered plants (D:15)
63 creatures vanquished.

Grand Total: 1041 creatures vanquished

Notes
Turn   | Place    | Note
-------+----------+-------------------------------------------
     0 | D:1      | purpskrrrp the Troll Fighter began the quest for the Orb.
     0 | D:1      | Reached XP level 1. HP: 22/22 MP: 0/0
   158 | D:1      | Found a faded altar of an unknown god.
   162 | D:1      | Got Plato's Secrets of Vitiation
   242 | D:1      | Reached XP level 2. HP: 29/29 MP: 1/1
   242 | D:1      | Identified 3 scrolls of acquirement
   242 | D:1      | Acquired the +3 Elemental Staff {rElec rF++ rC++ AC+5}
   242 | D:1      | Found the +3 Elemental Staff {rElec rF++ rC++ AC+5}
   717 | D:2      | Reached XP level 3. HP: 34/36 MP: 2/2
   749 | D:2      | Found a bloodstained altar of Trog.
   991 | D:2      | Reached skill level 1 in Staves
  1011 | D:2      | Reached skill level 1 in Evocations
  1276 | D:2      | Acquired the +8 tower shield of Quantum Leap {rElec Dex+2}
  1287 | D:2      | Acquired the +2 cloak of Gravitas {*Corrode rN+ Stlth+}
  1324 | D:3      | Reached XP level 4. HP: 44/44 MP: 3/3
  1480 | D:3      | Found Isonomam's Assorted Antiques.
  1520 | D:3      | Noticed an ogre
  1537 | D:3      | Killed an ogre
  1538 | D:3      | Reached skill level 2 in Staves
  1538 | D:3      | Reached XP level 5. HP: 27/53 MP: 4/4
  1854 | D:4      | Noticed Sigmund
  1873 | D:4      | Killed Sigmund
  1874 | D:4      | Reached XP level 6. HP: 61/61 MP: 5/5
  2002 | D:4      | Found an iron altar of Okawaru.
  2097 | D:4      | Reached skill level 3 in Staves
  2105 | D:4      | Reached XP level 7. HP: 53/67 MP: 6/6
  2359 | D:4      | Noticed Robin
  2372 | D:4      | Killed Robin
  2905 | D:5      | Entered Level 5 of the Dungeon
  2990 | D:5      | Reached skill level 4 in Staves
  3272 | D:5      | Noticed Ijyb
  3289 | D:5      | Killed Ijyb
  3330 | D:5      | Reached XP level 8. HP: 78/78 MP: 7/7
  3636 | D:6      | Noticed Blork the orc
  3645 | D:6      | Killed Blork the orc
  3728 | D:6      | Found a staircase to the Ecumenical Temple.
  3852 | Temple   | Entered the Ecumenical Temple
  3967 | Temple   | Became a worshipper of Makhleb the Destroyer
  4114 | D:6      | You fall into a shaft and drop 1 floor!
  4115 | D:7      | Found a stormy altar of Qazlal.
  4178 | D:7      | Reached skill level 5 in Staves
  4203 | D:7      | Reached skill level 5 in Shields
  4221 | D:7      | Fell from the grace of Makhleb
  4221 | D:7      | Became a worshipper of Qazlal Stormbringer
  4282 | D:7      | Reached skill level 5 in Evocations
  4282 | D:7      | Reached XP level 9. HP: 65/85 MP: 8/8
  4758 | D:8      | Found a transporter.
  4759 | D:8      | Found a transporter.
  4759 | D:8      | Noticed a moth of wrath
  4763 | D:8      | Found a bloodstained altar of Trog.
  4766 | D:8      | Noticed Zeldest's ghost (novice GrMo)
  4774 | D:8      | Noticed a two-headed ogre
  4858 | D:8      | Reached skill level 5 in Fighting
  4925 | D:8      | Found a runed translucent door.
  4929 | D:8      | Found a basalt altar of Yredelemnul.
  4939 | D:8      | Noticed Grum
  4979 | D:8      | Reached skill level 6 in Staves
  5040 | D:8      | Killed Grum
  5168 | D:8      | Found a sacrificial altar of Ru.
  5456 | D:8      | Found a runed translucent door.
  5468 | D:8      | Reached * piety under Qazlal
  5483 | D:8      | Found a broken altar of Ashenzari.
  5492 | D:8      | Found a sparkling altar of Nemelex Xobeh.
  5502 | D:8      | Found an ornate altar of the Wu Jian Council.
  5507 | D:8      | Found a stormy altar of Qazlal.
  5540 | D:8      | Found a hazy altar of Hepliaklqana.
  5580 | D:8      | Reached XP level 10. HP: 96/96 MP: 9/9
  5605 | D:8      | Found a bloodstained altar of Trog.
  5627 | D:8      | Reached skill level 7 in Staves
  5656 | D:8      | Noticed a flayed ghost
  5752 | D:9      | Found a flagged portal.
  5761 | Bailey   | Entered a bailey
  5784 | Bailey   | Reached ** piety under Qazlal
  5846 | Bailey   | Identified the +2 robe "Nuphul" {Will- Str+4 Dex+2 Stlth+}
  5875 | Bailey   | Found a burning altar of Makhleb.
  5889 | Bailey   | Noticed a balrug
  5889 | Bailey   | Noticed a smoke demon
  5892 | Bailey   | Killed a balrug
  5897 | Bailey   | Killed a smoke demon
  5992 | D:9      | Noticed an orange demon
  6003 | D:9      | Killed an orange demon
  6559 | D:10     | Entered Level 10 of the Dungeon
  6578 | D:10     | Reached skill level 8 in Staves
  6578 | D:10     | Reached skill level 1 in Invocations
  6695 | D:10     | Noticed a two-headed ogre
  6710 | D:10     | Killed a two-headed ogre
  6711 | D:10     | Reached XP level 11. HP: 106/106 MP: 10/10
  7026 | D:10     | Found a staircase to the Lair.
  7349 | D:11     | Noticed a two-headed ogre
  7492 | D:11     | Killed a two-headed ogre
  7572 | D:11     | Reached *** piety under Qazlal
  7609 | D:11     | Noticed a boulder beetle
  7619 | D:11     | Killed a boulder beetle
  7713 | D:11     | Noticed Josephine
  7733 | D:11     | Killed Josephine
  7734 | D:11     | Reached skill level 9 in Staves
  7842 | D:11     | Learned a level 2 spell: Poisonous Vapours
  7845 | D:11     | Learned a level 2 spell: Passwall
  7873 | D:11     | Noticed a boulder beetle
  7884 | D:11     | Killed a boulder beetle
  8229 | D:12     | Found a gate leading to a gauntlet.
  8237 | Gauntlet | Entered a Gauntlet
  8237 | Gauntlet | Found a transporter.
  8252 | Gauntlet | Found a transporter.
  8254 | Gauntlet | Found a transporter.
  8256 | Gauntlet | Found a transporter.
  8258 | Gauntlet | Noticed a wizard
  8277 | Gauntlet | Noticed a tengu warrior
  8284 | Gauntlet | Found a transporter.
  8302 | Gauntlet | Found a transporter.
  8304 | Gauntlet | Noticed a ghost crab
  8307 | Gauntlet | Noticed a wretched star
  8310 | Gauntlet | Found a transporter.
  8352 | Gauntlet | Found a transporter.
  8370 | Gauntlet | Found the +3 pair of seven-league boots {Rampage+∞}
  8372 | Gauntlet | Found a transporter.
  8384 | Gauntlet | Found a transporter.
  8384 | Gauntlet | Noticed an orange crystal statue
  8392 | Gauntlet | Noticed a wizard
  8396 | Gauntlet | Found a transporter.
  8404 | Gauntlet | Noticed a death drake
  8408 | Gauntlet | Found a transporter.
  8417 | Gauntlet | Noticed a death yak
  8417 | Gauntlet | Noticed a death yak
  8418 | Gauntlet | Noticed a death yak
  8418 | Gauntlet | Noticed a death yak
  8419 | Gauntlet | Noticed a death yak
  8419 | Gauntlet | Noticed a death yak
  8420 | Gauntlet | Found a transporter.
  8424 | Gauntlet | Noticed a necromancer
  8573 | Gauntlet | Reached skill level 1 in Earth Magic
  8591 | Gauntlet | Found a transporter.
  8593 | Gauntlet | Found a transporter.
  8607 | Gauntlet | Reached XP level 12. HP: 118/118 MP: 13/13
  8698 | Gauntlet | Killed a tengu warrior
  8765 | Gauntlet | Was forgiven by Makhleb
  8835 | Gauntlet | Identified the +1 helmet of Feasting {Str+4}
  8841 | Gauntlet | Reached skill level 1 in Air Magic
  8868 | Gauntlet | Learned a level 2 spell: Ensorcelled Hibernation
  8881 | Gauntlet | Noticed a minotaur
  8894 | Gauntlet | Killed a minotaur
  8928 | Gauntlet | Identified the +2 pair of boots of Parsimonious Miracles
                  | {+Inv rPois rF+ Dex-4}
  8989 | D:12     | Found a staircase to the Orcish Mines.
  9001 | D:12     | Reached **** piety under Qazlal
  9134 | D:12     | Gained mutation: You have a pair of small horns on your
                  | head. [potion of mutation]
  9134 | D:12     | Gained mutation: Your system is resistant to poisons.
                  | (rPois) [potion of mutation]
  9272 | D:12     | Noticed an eight-headed hydra
  9285 | D:12     | Killed an eight-headed hydra
  9465 | D:12     | Noticed a two-headed ogre
  9473 | D:12     | Killed a two-headed ogre
  9579 | D:12     | Reached skill level 10 in Staves
  9611 | D:12     | Reached skill level 1 in Armour
 10093 | D:12     | Found a portal to a secret trove of treasure.
 10380 | D:13     | Noticed Kirke
 10401 | D:13     | Killed Kirke
 10562 | D:13     | Noticed a six-headed hydra
 10568 | D:13     | Killed a six-headed hydra
 10569 | D:13     | Reached XP level 13. HP: 103/127 MP: 15/15
 10644 | D:13     | Noticed Snorg
 10682 | D:13     | Reached skill level 5 in Invocations
 10842 | D:13     | Reached ***** piety under Qazlal
 11061 | D:13     | Killed Snorg
 11105 | D:13     | Found a gate to the Vaults.
 11121 | D:13     | Found Zuej's Book Emporium.
 11790 | D:14     | Reached skill level 10 in Evocations
 11964 | D:14     | Found a runed translucent door.
 11965 | D:14     | Noticed Jaliuk's ghost (journeyman DECj)
 12094 | D:15     | Entered Level 15 of the Dungeon
 12124 | D:15     | Reached skill level 11 in Staves
 12439 | D:15     | Found a shimmering altar of Xom.
 12440 | D:15     | Found a shimmering altar of Xom.
 12440 | D:15     | Found a shimmering altar of Xom.
 12441 | D:15     | Found a shimmering altar of Xom.
 12444 | D:15     | Found a shimmering altar of Xom.
 12469 | D:15     | Reached XP level 14. HP: 88/137 MP: 17/17
 12697 | D:15     | Found a staircase to the Depths.
 12971 | Depths:1 | Entered Level 1 of the Depths
 12976 | Depths:1 | Noticed a stone giant
 12981 | Depths:1 | Killed a stone giant
 12995 | Depths:1 | Noticed a stone giant
 12999 | Depths:1 | Noticed a stone giant
 13006 | Depths:1 | Killed a stone giant
 13014 | Depths:1 | HP: 4/137 [stone giant (illusionary) (17)]
 13107 | Depths:1 | Killed a stone giant
 13162 | Depths:1 | Acquired 1010 gold pieces
 13163 | Depths:1 | Acquired 731 gold pieces
 13281 | Lair:1   | Entered Level 1 of the Lair of Beasts
 14113 | Lair:2   | Reached skill level 12 in Staves
 14218 | Lair:2   | Reached ****** piety under Qazlal
 14825 | Lair:3   | Noticed Nergalle
 14834 | Lair:3   | Killed Nergalle
 14953 | Lair:3   | Found a staircase to the Swamp.
 15030 | Lair:3   | Reached XP level 15. HP: 146/146 MP: 19/19
 15170 | Lair:3   | Found a hole to the Spider Nest.
 15579 | Lair:4   | Reached skill level 5 in Armour
 15905 | Lair:4   | Reached skill level 10 in Shields
 16285 | Lair:5   | Entered Level 5 of the Lair of Beasts
 16775 | Lair:5   | Found a large runed translucent door.
 16777 | Lair:5   | Found a large runed translucent door.
 16980 | Lair:5   | Found a staircase to the Slime Pits.
 17018 | Lair:5   | Found a frozen archway.
 17050 | IceCv    | Entered an ice cave
 17196 | IceCv    | Identified the +8 war axe "Yresuvy" {vorpal, rPois Will+
                  | Stlth+}
 17470 | Lair:5   | Reached skill level 13 in Staves
 17700 | Lair:5   | Acquired 1055 gold pieces
 17878 | Orc:1    | Entered Level 1 of the Orcish Mines
 18029 | Orc:2    | Entered Level 2 of the Orcish Mines
 18319 | Orc:2    | Reached XP level 16. HP: 150/157 MP: 21/21
 18354 | Orc:2    | Found Wappezedo's Jewellery Emporium.
 18669 | Orc:2    | Found a staircase to the Elven Halls.
 18808 | Orc:2    | Noticed Shayle's ghost (journeyman TeBr)
 18861 | Orc:2    | Found a runed translucent gate.
 18861 | Orc:2    | Found a runed translucent gate.
 18861 | Orc:2    | Found a runed translucent gate.
 18944 | Orc:2    | Found Zuabao's Distillery.
 18944 | Orc:2    | Found Qeixkutuh's Jewellery Shop.
 18946 | Orc:2    | Found Dar Gio's Antique Armour Boutique.
 18948 | Orc:2    | Found Rynomih's Jewellery Shoppe.
 18952 | Orc:2    | Bought a potion of curing for 39 gold pieces
 18952 | Orc:2    | Bought a potion of haste for 130 gold pieces
 18952 | Orc:2    | Bought a potion of berserk rage for 65 gold pieces
 18952 | Orc:2    | Bought a potion of heal wounds for 65 gold pieces
 19247 | Orc:2    | Bought the ring "Filet" {rElec EV+4 Str-4 Int+2 Slay+4} for
                  | 688 gold pieces
 19357 | Orc:2    | Bought a +4 ring of slaying for 858 gold pieces
 19406 | Orc:2    | Killed Shayle's ghost
 19668 | Swamp:1  | Entered Level 1 of the Swamp
 19894 | Swamp:1  | Reached skill level 10 in Fighting
 20225 | Swamp:2  | Noticed a thorn hunter
 20232 | Swamp:2  | Killed a thorn hunter
 20488 | Swamp:2  | You fall into a shaft and drop 1 floor!
 21196 | Swamp:4  | Entered Level 4 of the Swamp
 21280 | Swamp:4  | Noticed Mlioglotl
 21302 | Swamp:4  | Killed Mlioglotl
 21303 | Swamp:4  | Reached skill level 14 in Staves
 21303 | Swamp:4  | Reached XP level 17. HP: 128/167 MP: 22/22
 21754 | Swamp:4  | Got a decaying rune of Zot
 22344 | D:8      | Identified the ring of Rytoofeo {Str+4 Int-5 SInv}
 22429 | D:8      | Killed Zeldest's ghost
 22573 | D:14     | Killed Jaliuk's ghost
 22583 | D:14     | Identified the +6 battleaxe of Iraumao {freeze, Fragile
                  | rF+++ rCorr Int+7}
 22779 | Spider:1 | Entered Level 1 of the Spider Nest
 22779 | Spider:1 | Found a transporter.
 22799 | Spider:1 | Noticed gdog's ghost (adept GnDe)
 23177 | Spider:1 | Found a transporter.
 23508 | Spider:1 | Killed gdog's ghost
 23729 | Spider:2 | Slain by an emperor scorpion

Illustrated notes

Levels and vault maps discovered:
D:1:      minmay_arrival_glassed_features, layout_loops_ring,
          shapermc_ecumenical_altar_rom_forum, nicolae_kite_square_tiling_tiny
D:2:      layout_basic, basic_altar
D:3:      layout_rooms, serial_shops, nicolae_shop_hallway_stairs
D:4:      layout_basic, okawaru_altar_gauntlet_db, dreamdust_gnoll_farm,
          uniq_sigmund, uniq_robin
D:5:      layout_loops_ring, nicolae_sextant, uniq_ijyb
D:6:      layout_basic, minmay_temple_entry_junction, uniq_pikel,
          uniq_blork_the_orc
D:7:      layout_cave_pools, overflow_temple_1_default
D:8:      due_megacathedral, layout_gridville, nicolae_ru_sacrificial_ziggurat,
          overflow_temple_1_default, dk_yredelemnul_ordeal,
          gammafunk_ghost_wrathful_warriors, uniq_grum
D:9:      layout_roguey, enter_bailey_3, minmay_misc_feat_cross, chequers_garden
D:10:     layout_grid_maze, lair_entry_dummy
D:11:     layout_cross, roderic_batcave, uniq_josephine
D:12:     layout_layer_cave, zombieorc1_lemuel, nicolae_trove_entry_columns,
          gauntlet_entry_generic, minmay_mirror_moons_of_madness
D:13:     layout_gridville, hangedman_vaults_entry_quadrant_bands, serial_shops,
          nicolae_square_shop, minivault_22, minmay_misc_feat_plants,
          hangedman_decor_growths, uniq_kirke, uniq_snorg
D:14:     layout_cave_pools, hangedman_abyss_or_decor_lesser_grid, serial_glass,
          glass_columns_c, glass_columns_a, glass_columns_a, glass_columns_c,
          glass_columns_a, glass_columns_b, glass_columns_a, glass_columns_a,
          ebering_ghost_reflecting_pool
D:15:     gammafunk_depths_entry_grave, layout_stronghold, xom_redecorated,
          minmay_microvault
Temple:   minmay_temple_bridge_d
Lair:1:   layout_misc_corridors, minmay_lair_oklob_bushes,
          grunt_forest_large_clearing_hut
Lair:2:   layout_regular_city, grunt_forest_large_clearings, grunt_megastairs_4
Lair:3:   layout_gridlike, swamp_mist, nicolae_spider_entry_non_spiders,
          serial_bayou_shore_b, lemuel_fruit_fields, uniq_nergalle
Lair:4:   layout_regular_city, grunt_megastairs_5, lemuel_fruit_tree
Lair:5:   cheibrodos_lair_end_hotspot, layout_concentric_octagons,
          dpeg_slime_entry_enclosed, portal_ice_cave_demonic_guard
Swamp:1:  layout_basic_swamp, evilmike_swamp_ruin_rubble_1, swamp_pool1
Swamp:2:  layout_falls_marsh, evilmike_swamp_ruin_rubble_2
Swamp:3:  layout_basic_swamp, nicolae_swamp_some_circles, swamp_pool5,
          infiniplex_staircase_pool_2
Swamp:4:  swamp_basic_johnstein, layout_basic_swamp, infiniplex_staircase_pool,
          uniq_mlioglotl
Spider:1: layout_spider_delve, gammafunk_ghost_mausoleum,
          spiders_nest_spider_trap
Spider:2: layout_spider_delve
Orc:1:    layout_caves
Orc:2:    st_orc_rangers, layout_caves, maelrawn_ghost_gauntlet_escape,
          minmay_shop_enchanted_jewellery
Depths:1: kennysheep_four_of_diamonds, layout_cave_shapes, vehumet_crystals,
          hell_entry, nicolae_shop_dragon_depot, lightli_corner_chamber

Skill      XL: |  1  2  3  4  5  6  7  8  9 10 11 12 13 14 15 16 17 |
---------------+----------------------------------------------------+-----
Staves         | 1 2 3 4 5 6 8 9 10 11 12 13 14 | 14.6
Shields        | 3 4 5 6 7 8 9 10 11 | 11.7
Evocations     | 1 2 3 5 6 7 8 9 10 11 12 13 | 13.5
Fighting       | 3 4 5 6 7 8 9 10 | 10.8
Invocations    | 1 3 4 6 7 8 9 |  9.7
Earth Magic    | 1 2 |  2.5
Air Magic      | 2 |  2.0
Armour         | 1 3 4 6 7 |  7.7
Dodging        | 3 |  3.6
Unarmed Combat | |  2.4

Action                   |  1- 3 |  4- 6 |  7- 9 | 10-12 | 13-15 | 16-18 || total
-------------------------+-------+-------+-------+-------+-------+-------++-------
Melee: Unarmed           |    19 |       |       |       |       |       ||    19
       Staff             |    83 |   116 |   444 |   687 |  1213 |   647 ||  3190
       Headbutt          |       |       |       |    18 |   302 |   164 ||   484
Throw: Throwing net      |     1 |       |     2 |       |       |       ||     3
Invok: Upheaval          |       |       |       |     1 |     2 |     3 ||     6
       Elemental Force   |       |       |       |     1 |     1 |     3 ||     5
       Disaster Area     |       |       |       |       |     1 |     2 ||     3
Evoke: Lightning rod     |       |       |       |     4 |     1 |     9 ||    14
       Wand              |       |       |       |       |     9 |     6 ||    15
       Condenser vane    |       |       |       |       |       |     1 ||     1
  Use: Scroll            |     3 |       |       |    18 |    22 |     7 ||    50
       Potion            |       |       |     2 |     2 |     1 |     6 ||    11
 Stab: Sleeping          |       |     4 |     4 |       |       |       ||     8
       Paralysed         |       |       |       |       |     1 |     2 ||     3
       Distracted        |       |       |       |       |     1 |     1 ||     2
       Confused          |       |       |       |       |       |     1 ||     1
Armor: Robe              |    62 |    48 |   180 |    24 |       |       ||   314
       Troll leather arm |       |       |       |   206 |   314 |   383 ||   903
Dodge: Dodged            |    43 |    20 |   109 |   106 |   172 |   305 ||   755
       Repelled          |       |       |       |       |     2 |     9 ||    11
Block: Kite shield       |    47 |       |       |       |       |       ||    47
       Tower shield      |    10 |   111 |   617 |   921 |  1770 |  1285 ||  4714
       Reflection        |       |       |       |    12 |    91 |    45 ||   148
